 Dungeon Crawl Stone Soup version 0.29.1-1-gd02db6906a (webtiles) character file.

Game seed: 14931833793846958125

33 Aibolit the Slasher (level 3, -1/30 HPs)
             Began as a Minotaur Gladiator on Sept 21, 2022.
             Slain by an orc
             ... wielding a +0 club
              (3 damage)
             ... on level 2 of the Dungeon.
             The game lasted 00:17:05 (1693 turns).

Aibolit the Slasher (Minotaur Gladiator)            Turns: 1693, Time: 00:17:06

Health: -1/30      AC:  5    Str: 20    XL:     3   Next: 12%
Magic:  2/2        EV: 12    Int:  5    God:
Gold:   59         SH:  0    Dex: 11    Spells: 2/2 levels left

rFire   . . .      SeeInvis .   D - +1 short sword (elec)
rCold   . . .      Faith    .   (no shield)
rNeg    . . .      Spirit   .   f - +0 ring mail
rPois   .          Reflect  .   c - +0 hat
rElec   .          Harm     .   (no cloak)
rCorr   .          Rampage  .   (no gloves)
Will    .....                   (no boots)
Stlth   +.........              (no amulet)
HPRegen 0.10/turn               (no ring)
MPRegen 0.08/turn               (no ring)

@: no status effects
A: horns 2, retaliatory headbutt
a: no special abilities


You were on level 2 of the Dungeon.
You visited 1 branch of the dungeon, and saw 2 of its levels.

You collected 59 gold pieces.

Inventory:

Hand Weapons
 a - a +0 sling
 b - a +1 dagger of freezing
 D - a +1 short sword of electrocution (weapon)
Missiles
 d - 3 throwing nets (quivered)
 e - a javelin
 g - 14 stones
Armour
 c - a +0 hat (worn)
 f - a +0 ring mail (worn)
Magical Staves
 i - a staff of fire
Scrolls
 k - a scroll of amnesia {unknown}
 l - a scroll of fog {unknown}
 m - a scroll of identify {unknown}
Potions
 h - a potion of haste {unknown}
 j - a potion of curing {unknown}
 n - a potion of heal wounds {unknown}


   Skills:
 + Level 2.6 Fighting
 + Level 4.2 Long Blades
 + Level 2.1 Throwing
 + Level 0.3 Armour
 + Level 4.0 Dodging


You had 2 spell levels left.
You didn't know any spells.
Your spell library was empty.

Dungeon Overview and Level Annotations

Branches:
Dungeon (2/15)

Altars:


Innate Abilities, Weirdness & Mutations

You have a pair of horns on your head.
You reflexively headbutt those who attack you in melee.


Message History

(D) Dungeon
Where to? (Enter - D:2 @ (x,y), ? - help) Unknown command.
Unknown command.
You start waiting.
Done waiting.
You don't know any spells.
There's nothing to open nearby.
You don't know any spells.
You don't know any spells.
You don't know any spells.
You don't know any spells.
You aren't carrying any pieces of jewellery.
Found 10 gold pieces.
An orc comes into view. It is wielding a +0 club.
The orc shouts!
You hear a shout!
An orc priest comes into view. It is wielding a +0 falchion.
The orc priest shouts!
An orc comes into view. It is wielding a +0 club.
An orc comes into view. It is wielding a +2 vorpal hand axe.
The orc shouts!
You hit the orc but do no damage. Your headbutt misses the orc.
You closely miss the orc. You hit the orc.
The orc is moderately wounded.
The orc priest calls down the wrath of Beogh upon you.
Beogh smites you!
An orc comes into view. It is wielding a +0 mace.
The orc hits you with a +0 club.
You are too injured to fight recklessly!
You are too injured to fight recklessly!
The orc attacks as you move away! The orc hits you but does no damage.
The orc priest calls upon Beogh to heal the orc.
The orc's wounds heal themselves!
The orc closely misses you.
The orc priest mumbles some strange prayers to Beogh against you.
Beogh smites you!
* * * LOW HITPOINT WARNING * * *
The orc attacks as you move away! The orc hits you with a +0 club.
You die...

#.....# #.#.# #.....# #.#.#
#...†.# #.#<#
#.....#######.###
#...........# ###..######.#
#.........# #####
#.#.#..#######...#
#.#.<#......@o...#
#.#..#.#####.....#
####.#.)#..# #....o###
#...)......####....o.o..o.o
#.......).........#########
#.........#.......#
#####.....#.......#
#######.......# #.......##


You could see an orc priest and 3 orcs.

Vanquished Creatures
  3 ball pythons (D:1)
  3 bats
  4 endoplasms (D:1)
  2 giant cockroaches (D:1)
  4 goblins
  2 hobgoblins (D:1)
  2 frilled lizards (D:1)
  5 kobolds
  5 rats (D:1)
30 creatures vanquished.

Vanquished Creatures (others)
  5 plants (D:1)
  3 withered plants (D:2)
8 creatures vanquished.

Grand Total: 38 creatures vanquished

Notes
Turn   | Place    | Note
-------+----------+-------------------------------------------
     0 | D:1      | Aibolit the Minotaur Gladiator began the quest for the Orb.
     0 | D:1      | Reached XP level 1. HP: 18/18 MP: 0/0
   275 | D:1      | Reached XP level 2. HP: 25/25 MP: 1/1
  1131 | D:1      | Reached XP level 3. HP: 29/30 MP: 2/2
  1693 | D:2      | Slain by an orc

Illustrated notes

Levels and vault maps discovered:
D:1:      erik_arrival_blinker_ship, layout_loops_ring, serial_forest,
          infiniplex_forest_lined_2, infiniplex_forest_corner_2,
          infiniplex_forest_diagonal, infiniplex_forest_side_room,
          infiniplex_forest_lined_corner
D:2:      layout_basic, ebering_ecumenical_altar_petrified

Skill      XL: |  1  2  3 |
---------------+----------+-----
Long Blades    | 4 |  4.2
Dodging        | 4 |  4.0
Fighting       | |  2.6
Throwing       | |  2.1
Armour         | |  0.3

Action                   || total
-------------------------++-------
Melee: Long sword        ||    25
       Headbutt          ||    21
       Short sword       ||    60
       Punch             ||     1
Armor: Ring mail         ||    19
Dodge: Dodged            ||    34
